 Dungeon Crawl Stone Soup version 0.16-a0-51-g3cd7026 (webtiles) character file.

80 Qrupt the Ruffian (level 4, -1/36 HPs)
             Began as a Ghoul Warper on Aug 6, 2014.
             Slain by a scorpion (7 damage)
             ... on Level 4 of the Dungeon.
             The game lasted 00:05:48 (2415 turns).

Qrupt the Ruffian (Ghoul Warper)                    Turns: 2415, Time: 00:05:48

HP  -1/36        AC  3     Str 19      XL: 4   Next: 39%
MP   5/7         EV 11     Int  8      God:
Gold 35          SH  0     Dex  9      Spells:  3 memorised,  3 levels left

rFire  . . .     SeeInvis .       - Unarmed
rCold  + . .     Clarity  .     b - +0 leather armour
rNeg   + + +     rCorr    .     (no shield)
rPois  +         rRot     +     (no helmet)
rElec  .         Spirit   .     (no cloak)
SustAb .         Warding  .     (no gloves)
rMut   .         Stasis   .     (no boots)
Saprov + + +                    (no amulet)
MR     .....                    (no ring)
                                (no ring)

@: mighty, shrouded (expiring), rotting, not resistant to hostile enchantments,
very unstealthy
A: rotting body, claws 1, carnivore 3, cold resistance 1, negative energy
resistance 3, poison resistance, saprovore 3, slow healing 1, torment
resistance, unbreathing
a: no special abilities


You were on level 4 of the Dungeon.
You were not hungry.

You visited 1 branch of the dungeon, and saw 4 of its levels.

You collected 35 gold pieces.

Inventory:

Missiles
 e - 5 tomahawks (quivered)
Armour
 b - a +0 leather armour (worn)
Comestibles
 k - a chunk of giant cockroach flesh
 o - a beef jerky
 s - a meat ration
Scrolls
 a - 5 scrolls of remove curse {unknown}
 d - a scroll of blinking
 f - a scroll of magic mapping {unknown}
 h - 4 scrolls of identify {unknown}
 i - a scroll of immolation {unknown}
 l - a scroll of random uselessness {unknown}
 t - a scroll of fear {unknown}
Jewellery
 m - a cursed amulet of inaccuracy {unknown}
Potions
 g - a potion of haste {unknown}
 j - a potion of might
 p - a potion of resistance {unknown}
 q - 2 potions of heal wounds {unknown}
 r - a potion of cancellation {unknown}
Books
 c - a book of Spatial Translocations

   Spells                             Type                      Level
   *Apportation                       Translocation                1
   *Blink                             Translocation                2
   *Shroud of Golubria                Charms/Translocation         2
   Portal Projectile                  Translocation                3
   Teleport Other                     Translocation                3
   Passage of Golubria                Translocation                4


   Skills:
 - Level 2.1 Fighting
 - Level 0.8 Throwing
 - Level 0.8 Armour
 - Level 1.7 Dodging
 + Level 3.7 Unarmed Combat
 - Level 2.5 Spellcasting
 + Level 3.2 Translocations


You had 3 spell levels left.
You knew the following spells:

 Your Spells              Type           Power        Failure   Level  Hunger
a - Apportation           Tloc           #.........   12%         1    ##.....
b - Shroud of Golubria    Chrm/Tloc      #.........   30%         2    ###....
c - Blink                 Tloc           N/A          17%         2    ###....


Dungeon Overview and Level Annotations

Branches:
Dungeon (4/15)
 Temple: D:4-7

Altars:
Trog

Annotations:
D:2 Sigmund
D:3 Grinder


Innate Abilities, Weirdness & Mutations

Your body is rotting away.
You have sharp fingernails.
You are carnivorous and can eat meat at any time.
Your flesh is cold resistant.
You are immune to negative energy.
Your system is resistant to poisons.
You thrive on rotten meat.
You heal slowly when monsters are visible.
You are immune to unholy pain and torment.
You can survive without breathing.


Message History

You are too injured to fight recklessly!
You scratch the scorpion.
The scorpion is moderately wounded.
The scorpion stings you.
* * * LOW HITPOINT WARNING * * *
Drink which item? (? for menu, Esc to quit)
You feel very mighty all of a sudden.
It was a potion of might.
Your shroud begins to fray at the edges.
Your shroud bends the scorpion's attack away.
You scratch the scorpion.
The scorpion is moderately wounded.
The scorpion barely misses you.
You claw the scorpion!
The scorpion is almost dead.
The scorpion barely misses you.
You closely miss the scorpion.
The scorpion is almost dead.
The scorpion stings you!
You die...

+ .# ##+#
..#
+.s+...+...
#.@P≈PP.#
#.≈≈≈≈P≈...
#.P≈≈P♣≈P.
.P≈♣♣♣♣ .
.P≈P♣
....≈≈
.....P♣
....≈≈


+PP You could see a scorpion.

Vanquished Creatures
  2 adders
  A shadow imp (D:3)
  A giant mite (D:3)
  2 giant geckos (D:1)
  An ooze (D:1)
  A ball python (D:1)
  2 goblins (D:1)
  4 hobgoblins
  8 bats
  A giant cockroach (D:3)
  4 giant newts
  5 jackals
  8 kobolds
  7 rats
47 creatures vanquished.

Notes
Turn   | Place    | Note
--------------------------------------------------------------
     0 | D:1      | Qrupt, the Ghoul Warper, began the quest for the Orb.
     0 | D:1      | Reached XP level 1. HP: 17/17 MP: 2/2
   323 | D:1      | Reached XP level 2. HP: 7/24 MP: 4/4
  1092 | D:1      | Reached XP level 3. HP: 10/29 MP: 6/6
  1541 | D:2      | Learned a level 2 spell: Shroud of Golubria
  1544 | D:2      | Learned a level 2 spell: Blink
  1611 | D:2      | Reached skill level 3 in Unarmed Combat
  1637 | D:2      | Found a bloodstained altar of Trog.
  1853 | D:2      | Noticed Sigmund
  1918 | D:3      | Reached XP level 4. HP: 22/36 MP: 7/7
  2392 | D:3      | Noticed Grinder
  2415 | D:4      | Slain by a scorpion

Action                   |  1- 3 |  4- 6 || total
-------------------------+-------+-------++-------
Melee: Unarmed           |   142 |    44 ||   186
 Cast: Shroud of Golubri |       |     1 ||     1
  Use: Potion            |     1 |     1 ||     2
  Eat: Chunk             |     8 |     1 ||     9
